 Dungeon Crawl Stone Soup version 0.20-a0-869-gcf33cab (webtiles) character file.

70 AlphabetPasta the Vexing (level 4, -3/38 HPs)
             Began as a Naga Arcane Marksman on Mar 13, 2017.
             Slain by Terence
             ... wielding a +2 falchion of draining
              (7 damage)
             ... on level 2 of the Dungeon.
             The game lasted 00:09:18 (1570 turns).

AlphabetPasta the Vexing (Naga Arcane Marksman)     Turns: 1570, Time: 00:09:18

Health: -3/38      AC:  3    Str: 12    XL:     4   Next: 21%
Magic:  6/6        EV:  9    Int: 14    God:
Gold:   60         SH:  0    Dex: 12    Spells: 0/6 levels left

rFire    . . .     SeeInvis +   (no weapon)
rCold    . . .     Gourm    .   a - +1 robe
rNeg     . . .     Faith    .   (no shield)
rPois    +         Spirit   .   (no helmet)
rElec    .         Reflect  .   (no cloak)
rCorr    .         Harm     .   (no gloves)
MR       .....                  (no barding)
Stlth    +.........             (no amulet)
Regen    0.2/turn               (no ring)
MPRegen  0.1/turn               (no ring)

@: heavily drained, very slow
A: see invisible, deformed body, poison resistance, slowness 2, slow metabolism
1, spit poison 1, AC +1
a: Spit Poison


You were on level 2 of the Dungeon.
You were not hungry.

You visited 1 branch of the dungeon, and saw 2 of its levels.

You collected 60 gold pieces.

Inventory:

Missiles
 d - a throwing net (quivered)
 k - 15 poisoned needles
Armour
 a - a +1 robe (worn)
Jewellery
 o - an uncursed amulet of magic regeneration
Scrolls
 i - a scroll of remove curse {unknown}
Potions
 e - 2 potions of curing {unknown}
 j - a potion of flight {unknown}
 m - a potion of haste {unknown}
 n - 3 potions of invisibility {unknown}
Books
 b - a book of Debilitation

   Spells                             Type                      Level
   a - Corona                         Hexes                        1
   b - Slow                           Hexes                        2
   c - Inner Flame                    Hexes/Fire                   3
   d - Portal Projectile              Hexes/Translocation          3
   e - Cause Fear                     Hexes                        4
   f - Leda's Liquefaction            Hexes/Earth                  4
Comestibles
 f - 2 bread rations
 g - 4 chunks of flesh
 h - 4 fruits


   Skills:
 + Level 1.6(0.0) Fighting
 * Level 2.8(1.1) Throwing
 + Level 0.1(0.0) Armour
 + Level 2.0(0.4) Dodging
 + Level 1.5(0.0) Spellcasting
 + Level 3.3(1.7) Hexes


You couldn't memorise any spells.
You knew the following spells:

 Your Spells              Type           Power        Failure   Level  Hunger
a - Corona                Hex            #......      17%         1    ##.....
b - Slow                  Hex            #.......     24%         2    ###....
c - Portal Projectile     Hex/Tloc       #.....       73%         3    ####...


Dungeon Overview and Level Annotations

Branches:
Dungeon (2/15)

Altars:

Annotations:
D:2 Terence


Innate Abilities, Weirdness & Mutations

You cannot wear boots.
Your serpentine skin is tough. (AC +1)
You have supernaturally acute eyesight. (SInv)
Armour fits poorly on your strangely shaped body.
Your system is resistant to poisons. (rPois)
You cover ground very slowly.
You have a slow metabolism.
You can spit poison.


Message History

Terence is severely wounded.
Terence struggles against the net.
You hit Terence but do no damage.
Terence is severely wounded.
Terence struggles against the net.
You hit Terence.
Terence is severely wounded.
Terence struggles against the net.
You hit Terence but do no damage.
Terence is severely wounded.
Terence struggles against the net.
You catch the helpless Terence completely off-guard!
You hit Terence but do no damage.
Terence is severely wounded.
Terence struggles against the net.
The net rips apart, and Terence comes free!
You hit Terence but do no damage.
Terence is severely wounded.
Terence hits you with a falchion of draining!
You die...

#.# #### #.###...
.# ##...#.# .#
####..#...# .#
.....###..##### .#
####..#.......# .#
#.....#.###.# .#
##...##.###.###@#
##.###.......@.#
#.# #####.##### #.#
#.# ##'## #.#
##...## #.#
##.....## #.###
##.......## #.#.##
#..[......###....##
'.........'.......#


You could see Terence.

Vanquished Creatures
  2 adders (D:2)
  An ooze (D:1)
  2 dart slugs (D:1)
  A leopard gecko (D:2)
  7 bats
  3 goblins (D:1)
  5 hobgoblins
  5 jackals (D:1)
  6 kobolds
  3 frilled lizards (D:1)
  5 rats
40 creatures vanquished.

Notes
Turn   | Place    | Note
-------+----------+-------------------------------------------
     0 | D:1      | AlphabetPasta the Naga Arcane Marksman began the quest for the Orb.
     0 | D:1      | Reached XP level 1. HP: 18/18 MP: 2/2
   125 | D:1      | Reached XP level 2. HP: 25/25 MP: 3/3
   129 | D:1      | Learned a level 2 spell: Slow
   614 | D:1      | Reached XP level 3. HP: 31/31 MP: 4/4
  1462 | D:2      | Reached XP level 4. HP: 38/38 MP: 6/6
  1467 | D:2      | Learned a level 3 spell: Portal Projectile
  1552 | D:2      | Noticed Terence
  1570 | D:2      | Slain by Terence

Vault maps used:
D:1:      lightli_arrival_statuegarden, minivault_23
D:2:      minmay_octomino_j4, uniq_terence

Skill      XL: |  1  2  3  4 |
---------------+-------------+-----
Throwing       | 2 |  2.8
Dodging        | 2 |  2.0
Fighting       | |  1.6
Armour         | |  0.1
Spellcasting   | |  1.5
Hexes          | |  3.3

Action                   |  1- 3 |  4- 6 || total
-------------------------+-------+-------++-------
Melee: Unarmed           |    58 |    15 ||    73
Throw: Javelin           |     4 |    10 ||    14
       Throwing net      |       |     1 ||     1
 Cast: Corona            |     9 |     5 ||    14
 Abil: Spit Poison       |    48 |     7 ||    55
  Use: Scroll            |     4 |       ||     4
 Stab: Sleeping          |     1 |       ||     1
       Held in net/web   |       |     1 ||     1
  Eat: Chunk             |     4 |     1 ||     5
Armor: Robe              |    15 |     3 ||    18
Dodge: Dodged            |    46 |    12 ||    58
